 Dungeon Crawl Stone Soup version 0.30.1-9-gdf580d7c3d (webtiles) character file.

Game seed: 16508307923801108222

1040 bearlyready the Cudgeller (level 8, -1/55 (64) HPs)
             Began as a Gnoll Reaver on Oct 14, 2023.
             Slain by Maggie
             ... wielding a +2 war axe of flaming
              (4 damage)
             ... on level 6 of the Dungeon.
             The game lasted 00:06:18 (4332 turns).

bearlyready the Cudgeller (Gnoll Reaver)            Turns: 4332, Time: 00:06:18

HP:   -1/55 (64)    AC:  4    Str: 10    XL:     8   Next: 24%
MP:   16/17         EV: 13    Int: 19    God:
Gold: 96            SH:  0    Dex: 10    Spells: 16/19 levels left

rFire   . . .        m - +3 scimitar (freeze)
rCold   . . .        (no shield)
rNeg    . . .        w - +2 robe {Will+}
rPois   .            (no helmet)
rElec   .            (no cloak)
rCorr   +            (no gloves)
SInv    .            (no boots)
Will    +....        (no amulet)
Stlth   ++           o - ring of resist corrosion
HPRegen 0.29/turn    (no ring)
MPRegen 0.15/turn

%: no passive effects
@: heavily drained, unable to read
A: fangs 1, strong nose, distributed training, clever 1, wild magic 1, inability
to read after injury 1, noise suppression
a: no special abilities


You were on level 6 of the Dungeon.
You visited 1 branch of the dungeon, and saw 5 of its levels.

You collected 283 gold pieces.
You spent 187 gold pieces at shops.

Inventory:

Hand Weapons
 a - a +0 mace
 j - a +0 whip of freezing
 m - a +3 scimitar of freezing (weapon)
Missiles
 v - 3 boomerangs (quivered)
Armour
 b - a +0 leather armour
 w - a +2 robe of willpower (worn)
Jewellery
 o - a ring of resist corrosion (left hand)
Scrolls
 e - a scroll of vulnerability {unknown}
 f - a scroll of enchant weapon {unknown}
 g - a scroll of amnesia {unknown}
 i - a scroll of brand weapon {unknown}
 l - a scroll of enchant armour {unknown}
 p - 3 scrolls of identify {unknown}
 s - a scroll of teleportation
 t - a scroll of blinking
Potions
 c - 4 potions of curing
 h - 2 potions of mutation
 n - a potion of attraction {unknown}
 q - a potion of might {unknown}
 r - a potion of cancellation {unknown}
 u - a potion of invisibility {unknown}


   Skills:
 + Level 5.6 Fighting
 + Level 3.2 Short Blades
 + Level 3.2 Long Blades
 + Level 3.2 Axes
 + Level 7.3 Maces & Flails
 + Level 3.2 Polearms
 + Level 3.2 Staves
 + Level 3.2 Ranged Weapons
 + Level 3.2 Throwing
 + Level 3.2 Armour
 + Level 5.6 Dodging
 + Level 3.2 Stealth
 + Level 3.2 Shields
 + Level 3.2 Unarmed Combat
 + Level 6.0 Spellcasting
 + Level 6.1 Conjurations
 + Level 2.6 Hexes
 + Level 2.6 Summonings
 + Level 2.6 Necromancy
 + Level 2.6 Translocations
 + Level 2.6 Transmutations
 + Level 2.6 Fire Magic
 + Level 2.6 Ice Magic
 + Level 2.6 Air Magic
 + Level 2.6 Earth Magic
 + Level 2.6 Poison Magic
 + Level 3.5 Invocations
 + Level 3.2 Evocations


You had 16 spell levels left.
You knew the following spells:

 Your Spells              Type           Power      Damage    Failure   Level
a - Kiss of Death         Conj/Necr      100%       2d13      3%          1
b - Momentum Strike       Conj/Tloc      58%        3d9       4%          2

Your spell library contained the following spells:

 Spells                   Type           Power      Damage    Failure   Level
 Hailstorm                Conj/Ice       29%        3d8       9%          3
 Cigotuvi's Dreadful Rot  Necr/Pois/Air  40%        N/A       10%         2
 Ignite Poison            Fire/Tmut/Pois 20%        N/A       17%         3
 Freezing Cloud           Conj/Ice/Air   13%        6-21      63%         5


Dungeon Overview and Level Annotations

Branches:
Dungeon (6/15)
 Temple: D:4-7

Altars:
Dithmenos
Okawaru

Shops:
D:3 ?   D:4 *

Annotations:
D:6 Maggie


Innate Abilities, Weirdness & Mutations

You have very sharp teeth.
Your uncanny sense of smell can sniff out nearby items.
Your experience applies equally to all skills.
Your mind is acute. (Int +4, Str/Dex -1)
Your spells are a little harder to cast, but a little more powerful.
You occasionally lose the ability to read scrolls when taking damage.
You passively dampen the noise of your surroundings.


Message History

Maggie burns you.
* * * LOW HITPOINT WARNING * * *
You slash Maggie! You freeze Maggie. Your bite misses Maggie.
Maggie is moderately wounded.
Maggie gestures at you while chanting. The bolt of fire hits you!
You feel threatened and lose the ability to read scrolls!
* * * LOW HITPOINT WARNING * * *
It was a potion of heal wounds.
You feel much better. Maggie misses you.
You feel much better.
Maggie hits you with a +2 war axe of flaming!
Maggie burns you.
You hit Maggie. You freeze Maggie. You punch Maggie, but do no damage.
You bite Maggie.
Maggie is moderately wounded.
Maggie hits you with a +2 war axe of flaming!
* * * LOW HITPOINT WARNING * * *
Maggie burns you.
* * * LOW HITPOINT WARNING * * *
You feel much better.
Maggie hits you with a +2 war axe of flaming!
Maggie burns you.
You closely miss Maggie.
Maggie is moderately wounded.
Maggie hits you with a +2 war axe of flaming!
* * * LOW HITPOINT WARNING * * *
Maggie burns you.
* * * LOW HITPOINT WARNING * * *
Casting: Momentum Strike (safe; 4% risk of failure)
Confirm with . or Enter, or press ? or * to list all spells.
Aiming: Kiss of Death (safe; 3% risk of failure)
Press: ? - help, Shift-Dir - straight line, f/p - Maggie
Aim: Maggie, wielding a +2 war axe of flaming and wearing +0 steam dragon scales (moderately wounded, poisoned, 100% to hit)
The negative energy hits Maggie!
Maggie is drained!
Maggie is severely wounded.
You feel drained.
Maggie hits you with a +2 war axe of flaming!
* * * LOW HITPOINT WARNING * * *
Maggie burns you.
You die...

...............##
#>.....##).......#
#......##......###
...............#
............#..#
........(..##...
.........)g###..∆
.........#@##
.........##@#
.)......#####
........#
..#......
#........ ∆
#.~~≈~.S~~
#.≈~≈~.≈≈≈
#.~≈≈≈.~≈≈≈


You could see Maggie (poisoned, drained) and a gnoll.

Vanquished Creatures
  Pikel (D:4)
  Sigmund (D:2)
  A lemure (D:4)
  2 wights (D:6)
  A hound (D:4)
  2 orc priests (D:3)
  A gnoll bouda (D:4)
  2 iguanas
  5 gnolls
  5 adders
  An ufetubus (D:6)
  A worm (D:2)
  2 dart slugs
  An orc (D:3)
  2 bats (D:1)
  4 endoplasms
  3 giant cockroaches (D:2)
  9 goblins
  7 hobgoblins
  A quokka (D:3)
  4 ball pythons
  3 frilled lizards
  A kobold (D:3)
  4 rats
64 creatures vanquished.

Vanquished Creatures (others)
  A gnoll (D:6)
1 creature vanquished.

Grand Total: 65 creatures vanquished

Notes
Turn   | Place    | Note
-------+----------+-------------------------------------------
     0 | D:1      | bearlyready the Gnoll Reaver began the quest for the Orb.
     0 | D:1      | Reached XP level 1. HP: 20/20 MP: 6/6
   267 | D:1      | Reached XP level 2. HP: 26/26 MP: 7/7
   929 | D:2      | Reached skill level 5 in Spellcasting
   929 | D:2      | Reached XP level 3. HP: 31/31 MP: 7/9
   932 | D:2      | Learned a level 2 spell: Momentum Strike
  1192 | D:2      | Noticed Sigmund
  1195 | D:2      | Reached skill level 1 in Invocations
  1220 | D:3      | Reached skill level 1 in Short Blades
  1220 | D:3      | Reached skill level 1 in Long Blades
  1220 | D:3      | Reached skill level 1 in Axes
  1220 | D:3      | Reached skill level 1 in Polearms
  1220 | D:3      | Reached skill level 1 in Staves
  1220 | D:3      | Reached skill level 1 in Ranged Weapons
  1220 | D:3      | Reached skill level 1 in Throwing
  1220 | D:3      | Reached skill level 1 in Armour
  1220 | D:3      | Reached skill level 1 in Stealth
  1220 | D:3      | Reached skill level 1 in Shields
  1220 | D:3      | Reached skill level 1 in Unarmed Combat
  1220 | D:3      | Reached skill level 1 in Evocations
  1476 | D:3      | Reached XP level 4. HP: 27/38 MP: 11/11
  1661 | D:2      | Killed Sigmund
  1662 | D:2      | Reached skill level 1 in Hexes
  1662 | D:2      | Reached skill level 1 in Summonings
  1662 | D:2      | Reached skill level 1 in Necromancy
  1662 | D:2      | Reached skill level 1 in Translocations
  1662 | D:2      | Reached skill level 1 in Transmutations
  1662 | D:2      | Reached skill level 1 in Fire Magic
  1662 | D:2      | Reached skill level 1 in Ice Magic
  1662 | D:2      | Reached skill level 1 in Air Magic
  1662 | D:2      | Reached skill level 1 in Earth Magic
  1662 | D:2      | Reached skill level 1 in Poison Magic
  1662 | D:2      | Reached XP level 5. HP: 43/43 MP: 12/12
  1662 | D:2      | Reached XP level 6. HP: 50/50 MP: 14/14
  2021 | D:3      | Reached skill level 5 in Fighting
  2021 | D:3      | Reached skill level 5 in Dodging
  2532 | D:3      | Found Jiegugosch's Magic Scroll Shoppe.
  2547 | D:3      | Bought a scroll of teleportation for 33 gold pieces
  2547 | D:3      | Bought a scroll of blinking for 82 gold pieces
  2547 | D:3      | Bought a scroll of teleportation for 33 gold pieces
  3055 | D:4      | Found Zeeriot's General Store.
  3065 | D:4      | Bought a potion of curing for 39 gold pieces
  3449 | D:4      | Noticed Pikel
  3482 | D:4      | Killed Pikel
  3483 | D:4      | Reached skill level 7 in Maces & Flails
  3483 | D:4      | Reached XP level 7. HP: 21/56 MP: 11/15
  3483 | D:4      | Reached XP level 8. HP: 24/63 MP: 11/16
  3846 | D:4      | You fall into a shaft and drop 2 floors!
  3868 | D:6      | Found an iron altar of Okawaru.
  3868 | D:6      | Found a shadowy altar of Dithmenos.
  4158 | D:6      | Gained mutation: You occasionally lose the ability to read
                  | scrolls when taking damage. [potion of mutation]
  4158 | D:6      | Gained mutation: You passively dampen the noise of your
                  | surroundings. [potion of mutation]
  4158 | D:6      | Gained mutation: Your spells are a little harder to cast,
                  | but a little more powerful. [potion of mutation]
  4158 | D:6      | Gained mutation: Your mind is acute. (Int +4, Str/Dex -1)
                  | [potion of mutation]
  4313 | D:6      | Noticed Maggie
  4326 | D:6      | HP: 3/64 [Maggie/bolt of fire (16)]
  4332 | D:6      | Slain by Maggie

Illustrated notes

Levels and vault maps discovered:
D:1:      dpeg_cavernosity, layout_loops_ring
D:2:      layout_basic, kennysheep_big_empty_room, minmay_gold_behind_fungi,
          minmay_strange_pillars, minmay_tiny_reverse_x, uniq_sigmund
D:3:      layout_basic, serial_shops, shop_fountains
D:4:      layout_loops_ring, kennysheep_mini, serial_shops,
          nicolae_shop_rolling_square, uniq_pikel
D:6:      layout_layer_cave, lemuel_zombie_altar_yredelemnul,
          nicolae_overflow_two_pavilions, minmay_temple_entry_poolview,
          minivault_14, minmay_mini_ossuary, uniq_menkaure, uniq_maggie

Skill      XL: |  1  2  3  4  5  6  7  8 |
---------------+-------------------------+-----
Spellcasting   | 5 6 |  6.0
Invocations    | 1 2 3 |  3.5
Short Blades   | 1 3 |  3.2
Long Blades    | 1 3 |  3.2
Axes           | 1 3 |  3.2
Polearms       | 1 3 |  3.2
Staves         | 1 3 |  3.2
Ranged Weapons | 1 3 |  3.2
Throwing       | 1 3 |  3.2
Armour         | 1 3 |  3.2
Stealth        | 1 3 |  3.2
Shields        | 1 3 |  3.2
Unarmed Combat | 1 3 |  3.2
Evocations     | 1 3 |  3.2
Hexes          | 1 2 |  2.6
Summonings     | 1 2 |  2.6
Necromancy     | 1 2 |  2.6
Translocations | 1 2 |  2.6
Transmutations | 1 2 |  2.6
Fire Magic     | 1 2 |  2.6
Ice Magic      | 1 2 |  2.6
Air Magic      | 1 2 |  2.6
Earth Magic    | 1 2 |  2.6
Poison Magic   | 1 2 |  2.6
Fighting       | 5 |  5.6
Dodging        | 5 |  5.6
Maces & Flails | 7 |  7.3
Conjurations   | 6 |  6.1

Action                     |  1- 3 |  4- 6 |  7- 9 || total
---------------------------+-------+-------+-------++-------
  Melee: Mace              |    96 |   133 |    12 ||   241
         Bite              |    11 |    21 |     4 ||    36
         Punch             |     1 |     4 |     2 ||     7
         Whip              |       |       |    22 ||    22
         Scimitar          |       |       |     5 ||     5
  Throw: Dart              |       |     9 |     3 ||    12
         Boomerang         |       |     5 |    10 ||    15
   Cast: Momentum Strike   |       |     2 |     3 ||     5
         Kiss of Death     |       |     2 |     1 ||     3
    Use: Scroll            |       |     1 |     1 ||     2
         Potion            |       |       |     5 ||     5
   Stab: Sleeping          |     3 |       |       ||     3
 Armour: Leather armour    |    24 |       |       ||    24
         Ring mail         |    10 |    33 |       ||    43
         Robe              |       |       |     1 ||     1
  Dodge: Dodged            |    73 |    57 |    17 ||   147
